 Dungeon Crawl Stone Soup version 0.29.0-5-ge4962eb29e (webtiles) character file.

Game seed: 16659990582740461702

224 Setbun the Shooter (level 5, 0/45 HPs)
             Began as a Minotaur Hunter on Aug 29, 2022.
             Slain by an orc
             ... wielding a +0 war axe
              (10 damage)
             ... on level 5 of the Dungeon.
             The game lasted 00:02:40 (2842 turns).

Setbun the Shooter (Minotaur Hunter)                Turns: 2842, Time: 00:02:40

Health: 0/45       AC:  4    Str: 15    XL:     5   Next: 67%
Magic:  4/4        EV: 12    Int:  6    God:
Gold:   312        SH:  0    Dex: 16    Spells: 4/4 levels left

rFire   . . .      SeeInvis .   a - +0 shortbow
rCold   . . .      Faith    .   (shield currently unavailable)
rNeg    . . .      Spirit   .   c - +0 leather armour
rPois   .          Reflect  .   (helmet restricted)
rElec   .          Harm     .   (no cloak)
rCorr   .          Rampage  .   (no gloves)
Will    .....                   f - +0 pair of boots
Stlth   +.........              (no amulet)
HPRegen 0.15/turn               (no ring)
MPRegen 0.09/turn               (no ring)

@: no status effects
A: horns 2, retaliatory headbutt
a: no special abilities


You were on level 5 of the Dungeon.
You visited 1 branch of the dungeon, and saw 5 of its levels.

You collected 312 gold pieces.

Inventory:

Hand Weapons
 a - a +0 shortbow (weapon)
 g - a +0 mace of protection
Armour
 c - a +0 leather armour (worn)
 f - a +0 pair of boots (worn)
Jewellery
 p - a ring of protection from cold
Scrolls
 b - 2 scrolls of immolation
 d - 3 scrolls of magic mapping {unknown}
 e - 3 scrolls of identify {unknown}
 h - 3 scrolls of poison {unknown}
 n - a scroll of fear {unknown}
 o - a scroll of summoning {unknown}
 q - a scroll of vulnerability {unknown}
Potions
 i - a potion of lignification {unknown}
 j - 3 potions of brilliance {unknown}
 k - 4 potions of heal wounds {unknown}
 l - 6 potions of curing {unknown}
 m - a potion of attraction {unknown}


   Skills:
 + Level 3.2 Fighting
 * Level 7.0 Ranged Weapons
 + Level 1.0 Armour
 + Level 2.8 Dodging
 + Level 0.7 Stealth


You had 4 spell levels left.
You didn't know any spells.
Your spell library contained the following spells:

 Spells                   Type           Power      Damage    Failure   Level
 Sandblast                Erth           0%         2d4       52%         1
 Passwall                 Tmut/Erth      0%         N/A       67%         2
 Poisonous Vapours        Pois/Air       0%         N/A       67%         2
 Stone Arrow              Conj/Erth      0%         3d7       88%         3
 Anguish                  Hex/Necr       0%         N/A       99%         4
 Corpse Rot               Necr/Pois/Air  0%         N/A       99%         4
 Summon Forest            Summ/Tloc      0%         N/A       100%        5
 Summon Mana Viper        Hex/Summ       0%         N/A       100%        5
 Summon Cactus Giant      Summ           0%         N/A       100%        6
 Enfeeble                 Hex            0%         N/A       100%        7


Dungeon Overview and Level Annotations

Branches:
Dungeon (5/15)
 Temple: D:4-7

Altars:
Ashenzari
Fedhas
Xom
Zin


Innate Abilities, Weirdness & Mutations

You have a pair of horns on your head.
You reflexively headbutt those who attack you in melee.


Message History

Fire: a) +0 shortbow
Press: ? - help, Q - select action Shift-Dir - straight line, f/p - orc
Aim: an orc, wielding a +0 whip and wearing a +0 scale mail (moderately wounded, 68% to hit)
You shoot an arrow. The arrow barely misses the orc.
The orc hits you but does no damage. The orc barely misses you.
Fire: a) +0 shortbow
Press: ? - help, Q - select action Shift-Dir - straight line, f/p - orc
Aim: an orc, wielding a +0 whip and wearing a +0 scale mail (moderately wounded, 68% to hit)
You shoot an arrow.
The arrow hits the orc but does no damage.
The orc is moderately wounded.
The orc barely misses you. The orc closely misses you.
Fire: a) +0 shortbow
Press: ? - help, Q - select action Shift-Dir - straight line, f/p - orc
Aim: an orc, wielding a +0 whip and wearing a +0 scale mail (moderately wounded, 68% to hit)
You shoot an arrow. The arrow barely misses the orc.
The orc hits you with a +0 whip. The orc hits you with a +0 war axe.
* * * LOW HITPOINT WARNING * * *
Fire: a) +0 shortbow
Press: ? - help, Q - select action Shift-Dir - straight line, f/p - orc
Aim: an orc, wielding a +0 whip and wearing a +0 scale mail (lightly wounded, 68% to hit)
You shoot an arrow. The arrow hits the orc.
The orc is heavily wounded.
The orc closely misses you. The orc hits you with a +0 war axe.
* * * LOW HITPOINT WARNING * * *
Fire: a) +0 shortbow
Press: ? - help, Q - select action Shift-Dir - straight line, f/p - orc
Aim: an orc, wielding a +0 whip and wearing a +0 scale mail (heavily wounded, 68% to hit)
You shoot an arrow. The arrow barely misses the orc.
The orc misses you. The orc closely misses you.
The orc hits you with a +0 whip.
* * * LOW HITPOINT WARNING * * *
The orc closely misses you.
Fire: a) +0 shortbow
Press: ? - help, Q - select action Shift-Dir - straight line, f/p - orc
Aim: an orc, wielding a +0 whip and wearing a +0 scale mail (heavily wounded, 68% to hit)
You shoot an arrow. The arrow hits the orc.
You kill the orc!
The orc hits you with a +0 war axe!
You die...

#### .. #.#
#.#.##.#.#...
####....#.#.....
#...............
#...............
##..............
...(............
#..@........
..#..)o.#....
.........# .
###.####......#
#. ..##..## #
.... .# ....## #
....## ...#.


You could see an orc.

Vanquished Creatures
  A jelly (D:4)
  An iguana (D:5)
  Terence (D:2)
  5 adders
  2 worms (D:4)
  3 dart slugs
  13 orcs
  5 bats
  3 endoplasms
  A giant cockroach (D:1)
  9 goblins
  5 hobgoblins
  6 jackals
  A quokka (D:3)
  3 ball pythons (D:1)
  6 frilled lizards
  9 kobolds
  5 rats
79 creatures vanquished.

Notes
Turn   | Place    | Note
-------+----------+-------------------------------------------
     0 | D:1      | Setbun the Minotaur Hunter began the quest for the Orb.
     0 | D:1      | Reached XP level 1. HP: 18/18 MP: 0/0
   142 | D:1      | Reached XP level 2. HP: 25/25 MP: 1/1
   208 | D:1      | Reached skill level 5 in Ranged Weapons
   378 | D:1      | Reached XP level 3. HP: 26/30 MP: 2/2
   576 | D:2      | Found a faded altar of an unknown god.
   590 | D:2      | Noticed Terence
   607 | D:2      | Killed Terence
   946 | D:2      | Reached XP level 4. HP: 38/38 MP: 3/3
  1502 | D:3      | Reached skill level 6 in Ranged Weapons
  1661 | D:3      | Identified the +11 short sword of Teysown {vamp, rPois
                  | Dex+4 Stlth+}
  2260 | D:4      | Reached XP level 5. HP: 45/45 MP: 4/4
  2589 | D:4      | Found a broken altar of Ashenzari.
  2688 | D:4      | Found a blossoming altar of Fedhas.
  2688 | D:4      | Found a shimmering altar of Xom.
  2689 | D:4      | Found a glowing silver altar of Zin.
  2782 | D:5      | Entered Level 5 of the Dungeon
  2835 | D:5      | Reached skill level 7 in Ranged Weapons
  2835 | D:5      | Reached skill level 1 in Armour
  2842 | D:5      | Slain by an orc

Illustrated notes

Levels and vault maps discovered:
D:1:      lightli_arrival_statuegarden, layout_rooms,
          amcnicky_mini_rare_corridor_liquid, feat_on_display
D:2:      layout_basic, hellmonk_ecumenical_altar_zigzags, uniq_terence
D:3:      layout_basic, chequers_serial_rivers_marsh, minmay_misc_feat_roman
D:4:      layout_rooms, chequers_temple_overflow_statue_of_worship,
          lemuel_tele_altar
D:5:      minmay_general_purpose_star, layout_rooms,
          mainiacjoe_overflow_tiny_flanked, uniq_grinder

Skill      XL: |  1  2  3  4  5 |
---------------+----------------+-----
Ranged Weapons | 5 6 7 |  7.0
Fighting       | 3 |  3.2
Armour         | 1 |  1.0
Dodging        | |  2.8
Stealth        | |  0.7

Action                   |  1- 3 |  4- 6 || total
-------------------------+-------+-------++-------
 Fire: Shortbow          |    97 |   114 ||   211
Armor: Leather armour    |    17 |    14 ||    31
Dodge: Dodged            |    35 |    37 ||    72
